 Dungeon Crawl Stone Soup version 0.22.1-1-ga44c0e5 (webtiles) character file.

4876 Fang the Cleaver (level 10, -12/64 HPs)
             Began as a Gargoyle Berserker on Oct 17, 2018.
             Was a High Priest of Trog.
             Killed from afar by a gargoyle (17 damage)
             ... with a stone arrow
             ... on level 9 of the Dungeon.
             The game lasted 00:12:42 (7858 turns).

Fang the Cleaver (Gargoyle Berserker)               Turns: 7858, Time: 00:12:42

Health: -12/64     AC: 23    Str: 24    XL:     10   Next: 50%
Magic:  10/10      EV:  8    Int:  8    God:    Trog [*****.]
Gold:   427        SH:  0    Dex:  9    Spells: 9/9 levels left

rFire    . . .     SeeInvis .   a - +0 war axe
rCold    . . .     Gourm    .   (no shield)
rNeg     + . .     Faith    .   I - +0 plate armour
rPois    ∞         Spirit   .   (no helmet)
rElec    +         Reflect  .   (no cloak)
rCorr    .         Harm     .   (no gloves)
MR       .....                  (no boots)
Stlth    ..........             B - amulet of rage
HPRegen  0.20/turn              n - ring of stealth
MPRegen  0.12/turn              j - +4 ring of protection

@: berserk cooldown, slowed, very slow
A: negative energy resistance 1, electricity resistance, unbreathing,
petrification resistance, rot immunity, AC +7
a: Berserk, Trog's Hand, Brothers in Arms, Renounce Religion, Evoke Berserk Rage


You were on level 9 of the Dungeon.
You worshipped Trog.
Trog was extremely pleased with you.
You were near starving.

You visited 2 branches of the dungeon, and saw 10 of its levels.
You also visited: Sewer.

You collected 427 gold pieces.

Inventory:

Hand Weapons
 a - a +0 war axe (weapon)
Armour
 p - a +0 troll leather armour {Purgy}
 I - a +0 plate armour (worn)
Jewellery
 b - an uncursed ring of ice
 f - an uncursed ring of positive energy
 j - a +4 ring of protection (right hand)
 n - a ring of stealth (left hand)
 B - an amulet of rage (around neck)
Wands
 z - a wand of digging (11)
 C - a wand of flame (27)
 D - a wand of polymorph (13)
Scrolls
 d - 10 scrolls of identify {unknown}
 g - 2 scrolls of amnesia {unknown}
 h - 2 scrolls of blinking {unknown}
 k - 3 scrolls of random uselessness {unknown}
 l - a scroll of fear {unknown}
 m - 6 scrolls of teleportation {unknown}
 o - a scroll of noise {unknown}
 r - 3 scrolls of magic mapping {unknown}
 s - 5 scrolls of remove curse {unknown}
 y - a scroll of enchant armour {unknown}
 A - a scroll of fog {unknown}
 G - a scroll of immolation {unknown}
Potions
 e - 5 potions of curing
 i - a potion of cancellation {unknown}
 q - 2 potions of degeneration {unknown}
 t - 2 potions of lignification {unknown}
 u - 2 potions of magic {unknown}
 v - a potion of flight {unknown}
 w - 3 potions of ambrosia {unknown}
 x - a potion of mutation {unknown}
 E - a potion of berserk rage {unknown}
 F - a potion of agility {unknown}
 H - a potion of might {unknown}
 J - a potion of haste {unknown}
Comestibles
 c - 21 rations


   Skills:
 + Level 7.7 Fighting
 + Level 10.7 Axes
 + Level 4.1 Armour
 + Level 5.1 Dodging
 + Level 4.4 Stealth


You had 9 spell levels left.
You didn't know any spells.
Your spell library was empty.

Dungeon Overview and Level Annotations

Branches:
Dungeon (9/15)             Temple (1/1) D:5            Lair (0/6) D:8
    Orc: D:9-12

Altars:
Ashenzari
Cheibriados
Fedhas
Gozag
Okawaru
Ru
The Shining One

Shops:
D:4 (

Annotations:
D:9 2 runed doors


Innate Abilities, Weirdness & Mutations

You are resistant to torment.
Your stone body is resilient. (AC +7)
You are immune to poison.
You resist negative energy. (rN+)
You are resistant to electric shocks. (rElec)
You can survive without breathing.
You are immune to petrification.
You are immune to rotting.


Message History

The gargoyle is heavily damaged.
The gargoyle hurls a stone arrow at you.
The stone arrow hits you!
You hit the gargoyle but do no damage.
The gargoyle is heavily damaged.
The gargoyle hits you but does no damage.
You barely miss the gargoyle.
The gargoyle is heavily damaged.
The gargoyle hurls a stone arrow at you.
The stone arrow hits you!
The gargoyle hits you but does no damage.
Your plate armour prevents you from hitting the gargoyle.
The gargoyle is heavily damaged.
The gargoyle hurls a stone arrow at you.
The stone arrow misses you.
You hit the gargoyle.
The gargoyle is severely damaged.
The gargoyle hurls a stone arrow at you.
The stone arrow hits you!
You die...

########.#####.#
#.............#
#.######.##.#.#
#.##............
##.##..################
#...#.#.......((.......
..#.#.#########...#.#.#.
......## ##.l#.#.#......
#..#...##.+.5+.#@#?#.#.#
+..#...##.#.J###9##.....
#..##...#.#####=).#.#.#.
..# #...## .##)#}##...#
.. ##...# #.#.|#)|#.#.#
.# #.).##...}.[.|...## .
###(.#..### ###..#
##(##.### ###.## #(.#


You could see a wyvern, a gargoyle and a jelly.

Vanquished Creatures
  Pikel (D:6)
  Grinder (D:4)
  A hippogriff (D:8)
  Prince Ribbit (D:8)
  A steam dragon (D:9)
  3 wargs (D:8)
  2 water moccasins
  4 ice beasts
  Purgy (Sewer)
  An orc warrior (D:7)
  3 slaves (D:6)
  3 ogres
  4 centaurs
  A phantom (D:5)
  3 bullfrogs
  3 scorpions
  6 wights
  3 howler monkeys
  A bullfrog zombie (D:8)
  2 crimson imps
  A quasit (D:5)
  A centaur skeleton (D:9)
  A hound (D:8)
  Crazy Yiuf (D:7)
  A bullfrog skeleton (D:9)
  6 orc priests
  2 iguanas
  12 worker ants
  Natasha (thrice) (D:3)
  6 orc wizards
  A hound zombie (D:5)
  2 hound skeletons
  9 adders
  A shadow imp (D:7)
  3 adder skeletons
  4 worms
  5 leopard geckos
  28 orcs
  8 giant cockroaches
  6 goblins
  2 hobgoblins
  6 jackals
  2 quokkas
  5 ball pythons
  3 bats
  5 frilled lizards
  A jackal skeleton (D:6)
  11 kobolds
  8 rats
189 creatures vanquished.

Vanquished Creatures (others)
  A hound (D:6)
1 creature vanquished.

Grand Total: 190 creatures vanquished

Notes
Turn   | Place    | Note
-------+----------+-------------------------------------------
     0 | D:1      | Fang the Gargoyle Berserker began the quest for the Orb.
     0 | D:1      | Reached XP level 1. HP: 14/14 MP: 1/1
    94 | D:1      | Reached XP level 2. HP: 13/19 MP: 2/2
   354 | D:1      | You fall through a shaft!
   423 | D:2      | Reached skill level 3 in Axes
  1039 | D:2      | Reached XP level 3. HP: 23/23 MP: 3/3
  1461 | D:1      | Reached ** piety under Trog
  1959 | D:3      | Found a glowing drain.
  1961 | D:3      | Noticed Natasha
  1972 | D:3      | Killed Natasha
  1972 | D:3      | Reached XP level 4. HP: 29/29 MP: 4/4
  2035 | Sewer    | Entered a sewer
  2095 | Sewer    | Noticed Purgy
  2119 | Sewer    | Killed Purgy
  2119 | Sewer    | Reached skill level 4 in Axes
  2119 | Sewer    | Reached XP level 5. HP: 30/33 MP: 5/5
  2349 | D:3      | Noticed Natasha
  2358 | D:3      | Killed Natasha
  2373 | D:3      | Reached XP level 6. HP: 38/38 MP: 6/6
  2495 | D:3      | Noticed Natasha
  2500 | D:3      | Killed Natasha
  2771 | D:4      | Reached skill level 1 in Stealth
  2774 | D:4      | Reached skill level 5 in Axes
  2844 | D:4      | Reached *** piety under Trog
  2844 | D:4      | Reached XP level 7. HP: 43/44 MP: 7/7
  2908 | D:4      | Noticed Grinder
  2954 | D:4      | Killed Grinder
  2954 | D:4      | Reached skill level 6 in Axes
  3096 | D:4      | Found Huabaobe's Antique Weapon Emporium.
  3665 | D:5      | Entered Level 5 of the Dungeon
  3669 | D:5      | Reached skill level 5 in Fighting
  3674 | D:5      | Reached XP level 8. HP: 36/49 MP: 8/8
  3725 | D:5      | Found an iron altar of Okawaru.
  3871 | D:5      | Found a staircase to the Ecumenical Temple.
  3951 | D:5      | Reached skill level 7 in Axes
  4427 | D:6      | Found a shattered altar of Ashenzari.
  4454 | D:6      | Noticed Pikel
  4461 | D:6      | Reached **** piety under Trog
  4476 | D:6      | Killed Pikel
  4476 | D:6      | Reached skill level 8 in Axes
  4476 | D:6      | Reached XP level 9. HP: 33/55 MP: 9/9
  4936 | D:6      | Found an opulent altar of Gozag.
  4936 | D:6      | Found a glowing golden altar of the Shining One.
  4949 | D:6      | Found a snail-covered altar of Cheibriados.
  5155 | D:6      | Found a blossoming altar of Fedhas.
  5311 | D:7      | Reached skill level 9 in Axes
  5719 | D:7      | Found a runed door.
  6128 | D:7      | Noticed Crazy Yiuf
  6136 | D:7      | Killed Crazy Yiuf
  6238 | D:8      | Found a sacrificial altar of Ru.
  6307 | Temple   | Entered the Ecumenical Temple
  6467 | D:8      | Found a staircase to the Lair.
  6475 | D:8      | Reached XP level 10. HP: 18/61 MP: 10/10
  6476 | D:8      | Reached skill level 10 in Axes
  6483 | D:8      | Reached skill level 5 in Dodging
  6486 | D:8      | Reached ***** piety under Trog
  6814 | D:8      | Noticed Prince Ribbit
  6976 | D:8      | Killed Prince Ribbit
  7813 | D:9      | Noticed a gargoyle
  7814 | D:9      | Found the +10 zealot's sword {holy, *Rage rN+ EV+3}
  7814 | D:9      | Found a runed door.
  7814 | D:9      | Found a runed door.
  7853 | D:9      | HP: 3/64 [gargoyle/morningstar (9)]
  7858 | D:9      | Killed from afar by a gargoyle

Skill      XL: |  1  2  3  4  5  6  7  8  9 10 |
---------------+-------------------------------+-----
Axes           | 3 4 5 6 8 9 10 | 10.7
Dodging        | 2 3 4 5 |  5.1
Fighting       | 4 5 6 7 |  7.7
Stealth        | 1 2 3 4 |  4.4
Armour         | 3 4 |  4.1

Action                   |  1- 3 |  4- 6 |  7- 9 | 10-12 || total
-------------------------+-------+-------+-------+-------++-------
Melee: Hand axe          |   127 |    77 |       |       ||   204
       War axe           |       |    55 |   359 |   154 ||   568
Invok: Berserk           |     3 |     2 |     4 |     1 ||    10
 Stab: Sleeping          |       |     1 |     8 |     1 ||    10
  Eat: Chunk             |     5 |     5 |    11 |     3 ||    24
       Ration            |       |       |     2 |       ||     2
Armor: Animal skin       |    40 |    30 |       |       ||    70
       Troll leather arm |       |    59 |   202 |    37 ||   298
       Skin              |       |       |    12 |       ||    12
       Plate armour      |       |       |       |    38 ||    38
Dodge: Dodged            |   104 |   102 |   279 |    83 ||   568
